 Dungeon Crawl Stone Soup version 0.26.1-11-gd32895ea62 (webtiles) character file.

Game seed: 16892602928099244829

435631 raph the Metallomancer (level 22, -3/213 HPs)
             Began as a Deep Dwarf Necromancer on June 15, 2021.
             Was the Champion of Makhleb.
             Killed from afar by a storm dragon (30 damage)
             ... with a bolt of lightning
             ... on level 4 of the Depths.
             The game lasted 02:07:22 (55643 turns).

raph the Metallomancer (Deep Dwarf Necromancer)    Turns: 55643, Time: 02:07:22

Health: -3/213     AC: 23    Str: 18    XL:     22   Next: 92%
Magic:  29/37      EV: 25    Int: 26    God:    Makhleb [******]
Gold:   2476       SH: 13    Dex: 21    Spells: 1/44 levels left

rFire    . . .     SeeInvis .   a - +7 Singing Sword {vorpal, sonic wave}
rCold    + . .     Faith    .   y - +2 buckler
rNeg     + . .     Spirit   .   S - +2 steam dragon scales
rPois    .         Reflect  +   x - +2 helmet {Int+3}
rElec    .         Harm     .   Y - +2 cloak {Will+}
rCorr    .         Rampage  +   l - +2 pair of gloves
Will     ++++.                  s - +2 pair of boots {rampage}
Stlth    +++.......             E - amulet of Patience {Reflect Fragile +Inv Slay+5 SH+5}
HPRegen  0.00/turn              i - ring "Bischa" {+Fly rC+ Str+4}
MPRegen  0.25/turn              L - ring "Cuephum" {Dex+7 Slay+3 Stlth+}

@: non-regenerating, studying Crossbows
A: damage resistance, heal wounds, negative energy resistance 1, sense
surroundings 3, no regeneration
}: 2/15 runes: barnacled, gossamer
a: Heal Wounds, Renounce Religion, Evoke Invisibility, Evoke Flight, Minor
Destruction, Lesser Servant of Makhleb, Major Destruction, Greater Servant of
Makhleb


You were on level 4 of the Depths.
You worshipped Makhleb.
Makhleb was exalted by your worship.
You visited 10 branches of the dungeon, and saw 44 of its levels.
You also visited: Trove, Gauntlet and Ice Cave.

You collected 5620 gold pieces.
You spent 3144 gold pieces at shops.

Inventory:

Hand Weapons
 a - the +7 Singing Sword (weapon) {vorpal, sonic wave}
   (You found it on level 5 of the Dungeon)

   It inflicts extra damage upon your enemies.
 b - the +4 hunting sling of Esaeg Cel {freeze, Int+3}
   (You found it in a treasure trove)

   It causes projectiles fired from it to freeze those they strike, causing
   extra injury to most foes and up to half again as much damage against
   particularly susceptible opponents.
   They can also slow down cold-blooded creatures.
   It affects your intelligence (+3).
Armour
 l - a +2 pair of gloves (worn)
 s - a +2 pair of boots of rampaging (worn)
 x - a +2 helmet of intelligence (worn)
 y - a +2 buckler (worn)
 S - +2 steam dragon scales (worn)
 Y - a +2 cloak of willpower (worn)
Jewellery
 i - the ring "Bischa" (left hand) {+Fly rC+ Str+4}
   (You bought it in a shop on level 4 of the Vaults)

   [ring of flight]

   It affects your strength (+4).
   It protects you from cold.
   It lets you fly.
 j - a +6 ring of strength
 q - an uncursed ring of magical power {unknown}
 u - an uncursed ring of protection from cold
 E - the amulet of Patience (around neck) {Reflect Fragile +Inv Slay+5 SH+5}
   (You acquired it on level 2 of the Lair of Beasts)

   [amulet of reflection]

   It shields you and reflects attacks.
   It affects your accuracy and damage with ranged weapons and melee attacks
   (+5).
   It lets you turn invisible.
   It will be destroyed if unequipped.
   It affects your SH (+5).
 L - the ring "Cuephum" (right hand) {Dex+7 Slay+3 Stlth+}
   (You bought it in a shop on level 8 of the Dungeon)

   [ring of stealth]

   It affects your dexterity (+7).
   It affects your accuracy and damage with ranged weapons and melee attacks
   (+3).
   It makes you more stealthy.
 V - a cursed -4 ring of protection
 Z - an uncursed ring of see invisible
Wands
 r - a wand of disintegration (12)
 t - a wand of flame (96)
 H - a wand of paralysis (25)
 N - a wand of digging (16)
 R - a wand of acid (8)
 U - a wand of polymorph (7)
 W - a wand of iceblast (56)
Scrolls
 c - 3 scrolls of amnesia
 h - 4 scrolls of blinking
 k - 3 scrolls of fog
 o - a scroll of magic mapping
 v - 3 scrolls of enchant armour
 A - 14 scrolls of teleportation
 C - a scroll of silence
 G - 4 scrolls of fear
 I - 4 scrolls of enchant weapon
 M - a scroll of summoning
 O - 10 scrolls of remove curse
 Q - 14 scrolls of identify
Potions
 d - 6 potions of heal wounds
 e - 8 potions of mutation
 f - a potion of resistance
 m - 2 potions of magic
 n - 7 potions of brilliance
 w - 3 potions of haste
 B - 3 potions of cancellation
 D - 3 potions of ambrosia
 F - 20 potions of curing
 K - 4 potions of might
 P - a potion of invisibility
 T - 3 potions of berserk rage
Books
 p - a manual of Crossbows
Miscellaneous
 g - a condenser vane
 z - a lightning rod (4/4)
 J - a phial of floods
 X - a phantom mirror


   Skills:
 + Level 16.1 Fighting
 - Level 16.0 Long Blades
 - Level 10.6 Armour
 - Level 14.1 Dodging
 - Level 2.4 Stealth
 - Level 6.1 Shields
 - Level 11.5 Spellcasting
 - Level 8.9 Conjurations
 - Level 12.8 Necromancy
 - Level 4.3 Fire Magic
 - Level 3.9 Ice Magic
 * Level 23.7 Earth Magic
 + Level 15.4 Invocations


You had one spell level left.
You knew the following spells:

 Your Spells              Type           Power        Failure   Level
a - Pain                  Necr           100%         1%          1
b - Bolt of Magma         Conj/Fire/Erth 34%          1%          5
c - Vampiric Draining     Necr           34%          1%          3
d - Lee's Rapid Deconstr  Erth           47%          0%          5
e - Animate Dead          Necr           34%          1%          4
f - Apportation           Tloc           30%          4%          1
g - Ozocubu's Armour      Ice            35%          2%          3
h - Borgnjor's Vile Clut  Necr/Erth      41%          1%          5
i - Agony                 Necr           69%          1%          5
j - Passwall              Tmut/Erth      55%          1%          2
k - Shatter               Erth           47%          24%         9

Your spell library contained the following spells:

 Spells                   Type           Power        Failure   Level
 Sandblast                Erth           100%         0%          1
 Animate Skeleton         Necr           100%         1%          1
 Foxfire                  Conj/Fire      100%         1%          1
 Freeze                   Ice            100%         1%          1
 Magic Dart               Conj           100%         1%          1
 Beastly Appendage        Tmut           30%          4%          1
 Corona                   Hex            16%          4%          1
 Summon Small Mammal      Summ           60%          4%          1
 Stone Arrow              Conj/Erth      100%         0%          3
 Corpse Rot               Necr/Air       N/A          1%          2
 Searing Ray              Conj           100%         1%          2
 Sublimation of Blood     Necr           34%          1%          2
 Conjure Flame            Conj/Fire      49%          1%          3
 Dazzling Flash           Conj/Hex       76%          1%          3
 Dispel Undead            Necr           69%          1%          4
 Leda's Liquefaction      Hex/Erth       33%          1%          4
 Petrify                  Tmut/Erth      67%          1%          4
 Iron Shot                Conj/Erth      39%          1%          6
 Ensorcelled Hibernation  Hex/Ice        50%          2%          2
 Frozen Ramparts          Ice            70%          2%          3
 Hailstorm                Conj/Ice       48%          2%          4
 Sticky Flame             Conj/Fire      49%          2%          4
 Mephitic Cloud           Conj/Pois/Air  30%          3%          3
 Death Channel            Necr           34%          3%          6
 Inner Flame              Hex/Fire       26%          4%          3
 Statue Form              Tmut/Erth      44%          4%          6
 Call Imp                 Summ           15%          6%          2
 Poisonous Vapours        Pois/Air       30%          6%          2
 Slow                     Hex            15%          6%          2
 Wereblood                Tmut           15%          6%          2
 Fulminant Prism          Conj/Hex       19%          6%          4
 Iskenderun's Mystic Bla  Conj/Tloc      38%          6%          4
 Ignite Poison            Fire/Tmut/Pois 22%          7%          3
 Fireball                 Conj/Fire      24%          7%          5
 Call Canine Familiar     Summ           15%          12%         3
 Confusing Touch          Hex            15%          12%         3
 Gell's Gravitas          Tloc           7%           12%         3
 Portal Projectile        Hex/Tloc       30%          12%         3
 Spider Form              Tmut/Pois      7%           12%         3
 Summon Guardian Golem    Hex/Summ       15%          12%         3
 Tukima's Dance           Hex            15%          12%         3
 Ice Form                 Ice/Tmut       25%          17%         4
 Summon Ice Beast         Ice/Summ       25%          17%         4
 Lightning Bolt           Conj/Air       19%          17%         5
 Simulacrum               Ice/Necr       28%          19%         6
 Cause Fear               Hex            7%           36%         4
 Summon Lightning Spire   Summ/Air       15%          36%         4
 Starburst                Conj/Fire      24%          36%         6
 Metabolic Englaciation   Hex/Ice        12%          43%         5
 Conjure Ball Lightning   Conj/Air       19%          67%         6
 Freezing Cloud           Conj/Ice/Air   18%          71%         6
 Blade Hands              Tmut           7%           73%         5
 Silence                  Hex/Air        7%           73%         5
 Summon Forest            Summ/Tloc      7%           73%         5
 Yara's Violent Unravell  Hex/Tmut       7%           73%         5
 Dispersal                Tloc           7%           99%         6
 Eringya's Noxious Bog    Tmut/Pois      7%           99%         6
 Hydra Form               Tmut           7%           99%         6
 Invisibility             Hex            15%          99%         6
 Shadow Creatures         Summ           N/A          99%         6
 Dragon Form              Tmut           7%           100%        7
 Malign Gateway           Summ/Tloc      7%           100%        7
 Monstrous Menagerie      Summ           7%           100%        7
 Summon Greater Demon     Summ           7%           100%        7
 Summon Hydra             Summ           7%           100%        7
 Disjunction              Tloc           7%           100%        8
 Ignition                 Fire           18%          100%        8
 Summon Horrible Things   Summ           7%           100%        8
 Dragon's Call            Summ           7%           100%        9
 Tornado                  Air            7%           100%        9


Dungeon Overview and Level Annotations

Branches:
Dungeon (15/15)            Temple (1/1) D:7            Lair (6/6) D:9
 Shoals (4/4) Lair:4       Spider (4/4) Lair:4        Slime (0/5) Lair:5
    Orc (2/2) D:10            Elf (3/3) Orc:2        Vaults (4/5) D:14
  Crypt (0/3) Vaults:2     Depths (4/5) D:15           Hell (visited)
  IceCv (visited)         Gauntlet (visited)
    Dis: Hell:1         Geh: Hell:1         Coc: Hell:1         Tar: Hell:1

Altars:
Ashenzari
Cheibriados
Dithmenos
Elyvilon
Fedhas
Gozag
Hepliaklqana
Kikubaaqudgha
Makhleb
Nemelex Xobeh
Okawaru
Qazlal
Ru
Sif Muna
Trog
Uskayaw
Vehumet
Wu Jian
Xom
Yredelemnul
Zin
The Shining One
Beogh

Shops:
D:4 ?   D:8 =   D:10 [!**   D:12 (   Orc:2 (*(*   Elf:1 =   Elf:2 (
Elf:3 ((}=   Shoals:3 (   Shoals:4 }(?(}   Vaults:1 [   Vaults:3 }   Vaults:4 =

Portals:
Hell: Lair:6 Depths:1 Depths:2 Depths:3
Abyss: Depths:1 Depths:2
Pandemonium: Depths:1 Depths:2 Depths:3
Ziggurat: Depths:2

Annotations:
D:10 exclusion: orange crystal statue
Lair:3 exclusion: oklob plant
Lair:5 exclusion: 3 oklob plants
Spider:3 1 runed translucent door, oldpz's ghost, adept MiBe
Depths:3 3 runed translucent doors, raph's ghost, veteran DDNe
Hell Geryon


Innate Abilities, Weirdness & Mutations

You are resistant to damage.
You can heal yourself by infusing magical energy.
You resist negative energy. (rN+)
You passively map a large area around you.
You do not regenerate.


Message History

The monsters around you are blasted!
The storm dragon is lightly wounded.
You kill the deep troll earth mage!
Makhleb accepts your kill.
You feel better.
The golden dragon is severely wounded.
The war gargoyle is moderately damaged.
The golden dragon is severely wounded.
You hear a deafening roar!
You hear a shout! x5; You hear two shouts!
You hear a shout! x2; You hear a deafening roar!
You hear two shouts!
You hear a shout! x2; You hear a deafening roar!
You hear a shout! x2
You hear a horrible gurgling sound!
You hear a shout! x2; You hear two shouts!
You hear a shout! x5; You hear a bellow!
The war gargoyle launches metal splinters at you.
The spray of metal splinters hits you!
* * * LOW HITPOINT WARNING * * *
The storm dragon breathes lightning at you.
The bolt of lightning hits the war gargoyle!
The war gargoyle resists.
The bolt of lightning hits you!!
You die...

, * * , ##### , *+ , ,
#./.# , *, ,* #.#.#, , ,
, , ,* , ,,#...#, * , , ,
,#####...#####+#+#, , **
#...........+...# , ,
+.#...#...#!#.#.# , , ,
#............@..#
*##+##.†.#####9D.#+ , *
#...#...+, D./.....+
#.#...#.# ..?#$..#.# ,
#...#...+ ....$..... ,
,,,**
####...#####+#+#...#####,
...........# #...+ , , ,,
, .........⌠.#, ,#.#. ,*
, , ...........#, ,, ,,


You could see a golden dragon (catching breath), a storm dragon (catching
breath) and a war gargoyle (catching breath).

Vanquished Creatures
  An ancient lich (Depths:1)
  A juggernaut (Depths:3)
  Boris (twice) (Vaults:4 Depths:2)
  Bai Suzhen (Depths:2)
  Frederick (Vaults:2)
  The ghost of Yxzej the Slayer, a veteran MiBe of Trog (Elf:3)
  Nikola (Elf:3)
  Jory (Vaults:3)
  Jorgrun (Orc:1)
  Rupert (Orc:2)
  A lich (Vaults:2)
  3 deep elf blademasters
  A deep elf master archer (Elf:3)
  Polyphemus (Shoals:3)
  A shadow dragon (Depths:2)
  A storm dragon (Vaults:4)
  Donald (Elf:3)
  7 fire giants
  7 frost giants
  9 deep elf sorcerers
  3 vault wardens
  3 ghost moths (Spider:4)
  Louise (Shoals:3)
  Aizul (Shoals:4)
  7 deep elf elementalists
  6 ironheart preservers
  A spriggan defender (Depths:3)
  5 emperor scorpions
  2 very ugly things
  5 stone giants
  A war gargoyle (Vaults:3)
  4 deep elf demonologists (Elf:3)
  Azrael (Elf:1)
  3 vampire knights
  12 deep elf annihilators
  3 entropy weavers
  6 spark wasps
  A minotaur (Gauntlet)
  6 merfolk impalers
  A blizzard demon (Depths:3)
  5 deep elf death magi
  A green death (Depths:1)
  6 great orbs of eyes
  4 yaktaur captains
  5 merfolk javelineers
  6 ettins
  7 fire dragons
  8 deep elf high priests
  2 jiangshi (Depths:1)
  Josephine (D:14)
  9 hydras
  Fannar (Lair:1)
  6 rakshasas
  2 vault guards (Vaults:3)
  3 ice dragons
  6 boulder beetles
  5 spriggan air magi
  Erolcha (Orc:2)
  3 merfolk avatars
  A catoblepas (Shoals:3)
  13 centaur warriors
  4 merfolk aquamancers
  31 dancing weapons
  5 tengu warriors
  45 two-headed ogres
  2 death knights (Vaults:3)
  A queen ant (Spider:3)
  4 vampire magi
  16 ogre magi
  3 hell hogs (Depths:1)
  2 satyrs
  7 death yaks
  3 deep troll shamans
  8 deep troll earth magi
  2 orc high priests
  Sonja (Lair:1)
  A sun demon (Lair:6)
  A spriggan berserker (Depths:3)
  A fire crab (shapeshifter) (Depths:2)
  A titan skeleton (Vaults:4)
  10 skeletal warriors
  A death drake (shapeshifter) (Depths:4)
  16 deep elf knights
  4 hell knights (Depths:2)
  A shadow wraith (Vaults:2)
  14 deep trolls
  A golden dragon zombie (Depths:3)
  An unseen horror (D:14)
  2 flayed ghosts
  A glowing orange brain (Depths:1)
  11 sea snakes
  A sea snake (shapeshifter) (Depths:4)
  13 wizards
  10 deep elf archers
  Pikel (D:4)
  8 ironbrand convokers
  A shadow dragon zombie (Vaults:4)
  A phantasmal warrior (Vaults:4)
  A lindwurm (Lair:6)
  A wolf spider zombie (D:15)
  7 necromancers
  18 orc knights
  12 harpies
  17 fauns
  4 orb spiders
  An iron dragon zombie (Depths:3)
  2 orc sorcerers
  59 deep elf magi
  A fire giant zombie (Vaults:3)
  29 wolf spiders
  14 manticores
  41 ugly things
  A sphinx skeleton (Vaults:3)
  17 elephants
  9 cyclopes
  6 black mambas
  A water nymph (shapeshifter) (Depths:4)
  7 water nymphs
  An ice statue (IceCv)
  2 moths of wrath (Spider:4)
  An orange demon (Lair:6)
  5 merfolk sirens
  2 naga magi (D:15)
  3 smoke demons
  A torpor snail (Lair:4)
  A storm dragon simulacrum (Vaults:3)
  Maggie (Lair:2)
  2 gargoyles (D:13)
  7 vault sentinels
  14 cane toads
  22 yaktaurs
  2 yaktaur zombies (Vaults:4)
  12 rime drakes
  A kobold demonologist (Orc:1)
  14 demonic crawlers
  5 freezing wraiths
  An efreet (D:13)
  6 komodo dragons
  A golden dragon simulacrum (Depths:3)
  3 ice devils (Lair:6)
  24 jumping spiders
  4 red devils
  4 tengu conjurers
  A polar bear (shapeshifter) (Vaults:4)
  10 trolls
  A tyrant leech (Gauntlet)
  A tengu simulacrum (Vaults:1)
  A queen bee (shapeshifter) (Depths:4)
  17 polar bears
  19 merfolk
  A harpy zombie (D:13)
  7 wind drakes
  A meliai zombie (D:14)
  Grinder (D:4)
  23 slime creatures
  26 blink frogs
  5 hornets (Spider:4)
  12 dream sheep
  5 snapping turtles
  3 flying skulls (Gauntlet)
  2 frost giant simulacra
  52 redbacks
  A shadow (D:14)
  A redback (shapeshifter) (D:13)
  28 tarantellas
  18 water elementals
  9 spriggans (Lair:1)
  A tarantella (shapeshifter) (Vaults:3)
  65 yaks
  A vampire (D:15)
  6 fire elementals
  6 wraiths
  2 air elementals (Elf:3)
  3 basilisks
  4 wyverns
  Grum (D:11)
  A steam dragon (D:8)
  6 vampire mosquitoes
  A neqoxec (Depths:3)
  12 wargs
  14 water moccasins
  2 swamp worms (Gauntlet)
  2 acid dragons
  22 soldier ants (Spider:3)
  A floating eye (shapeshifter) (Depths:2)
  8 sky beasts
  57 orc warriors
  11 hell hounds
  A black bear (D:11)
  4 necrophages
  2 eyes of draining
  2 ettin simulacra
  9 ice beasts
  A phantom (D:11)
  27 centaurs
  40 wolves
  30 ogres
  5 boggarts
  3 lemures (D:4)
  17 big kobolds
  16 bullfrogs
  4 earth elementals
  A glowing shapeshifter simulacrum (Vaults:3)
  An elf skeleton (D:4)
  A wyvern skeleton (D:12)
  6 scorpions
  13 killer bees
  An elf simulacrum (Vaults:1)
  16 wights
  5 electric eels
  The ghost of Zeebu the Skirmisher, a weakling GrFi (D:3)
  4 crimson imps (Gauntlet)
  2 bullfrog zombies
  3 howler monkeys (D:14)
  3 centaur zombies
  4 human zombies
  A human simulacrum (Vaults:2)
  5 jellies
  A quasit (D:12)
  17 orc priests
  12 hounds
  23 orc wizards
  6 centaur skeletons
  Crazy Yiuf (D:2)
  2 bullfrog skeletons
  An iron imp (Depths:1)
  2 human skeletons
  Natasha (thrice) (D:2)
  3 iguanas
  29 worker ants
  5 hell rats (Lair:2)
  2 hound skeletons
  A worker ant zombie (D:7)
  Robin (D:2)
  14 adders
  A shadow imp (D:8)
  3 white imps
  An ooze (D:1)
  3 adder skeletons
  An adder zombie (D:9)
  3 worms (D:2)
  3 dart slugs
  6 leopard geckos
  105 orcs
  8 bats
  9 giant cockroaches
  9 hobgoblins
  8 jackals
  6 quokkas
  4 ball pythons
  7 frilled lizards
  18 goblins
  15 kobolds
  A leopard gecko skeleton (D:6)
  A leopard gecko zombie (D:7)
  2 orc skeletons (D:4)
  An orc zombie (D:4)
  10 rats
  6 crawling corpses (Elf:3)
1885 creatures vanquished.

Vanquished Creatures (collateral kills)
  4 hydras
  A catoblepas (Lair:6)
  4 elephants
  A cane toad (Lair:1)
  2 electric eels (D:9)
12 creatures vanquished.

Vanquished Creatures (others)
  A deep elf sorcerer (Elf:3)
  A deep elf death mage (Elf:3)
  A jiangshi (Depths:1)
  A dancing weapon (Elf:2)
  An ogre mage (Vaults:2)
  A deep elf mage (Elf:1)
  A wolf spider simulacrum (D:13)
  A bush (Lair:5)
  4 demonic plants (Gauntlet)
  77 fungi
  221 plants
  8 withered plants (D:7)
318 creatures vanquished.

Grand Total: 2215 creatures vanquished

Notes
Turn   | Place    | Note
-------+----------+-------------------------------------------
     0 | D:1      | raph the Deep Dwarf Necromancer began the quest for the
                  | Orb.
     0 | D:1      | Reached XP level 1. HP: 15/15 MP: 3/3
   101 | D:1      | Learned a level 1 spell: Animate Skeleton
   272 | D:1      | Reached XP level 2. HP: 22/22 MP: 1/4
   338 | D:1      | Reached skill level 5 in Necromancy
   784 | D:1      | Reached XP level 3. HP: 21/28 MP: 3/5
   788 | D:1      | Learned a level 3 spell: Vampiric Draining
  1059 | D:2      | Noticed Natasha
  1069 | D:2      | Killed Natasha
  1412 | D:2      | Reached XP level 4. HP: 25/36 MP: 2/6
  1413 | D:2      | Noticed Robin
  1639 | D:2      | Noticed Natasha
  1703 | D:2      | Killed Natasha
  1731 | D:2      | Noticed Natasha
  1760 | D:2      | Killed Natasha
  1761 | D:2      | Reached XP level 5. HP: 24/42 MP: 0/7
  2862 | D:2      | Noticed a moth of wrath
  2866 | D:2      | Found a bloodstained altar of Trog.
  3304 | D:2      | Killed Robin
  3400 | D:2      | Found a runed translucent door.
  3401 | D:2      | Noticed Crazy Yiuf
  3410 | D:2      | Killed Crazy Yiuf
  3585 | D:3      | Reached XP level 6. HP: 46/49 MP: 0/8
  4347 | D:3      | Found a runed translucent gate.
  4347 | D:3      | Found a runed translucent gate.
  4347 | D:3      | Found a runed translucent gate.
  4348 | D:3      | Noticed Zeebu's ghost (weakling GrFi)
  4350 | D:3      | Identified the cursed +0 hunting sling of Departure
                  | {freeze, +Fly}
  4350 | D:3      | Identified the +0 leather armour "Upru" {rCorr Dex+4}
  4352 | D:3      | Found a roughly hewn altar of Beogh.
  4712 | D:4      | Noticed Grinder
  4715 | D:4      | Reached skill level 1 in Fighting
  4788 | D:4      | Found Boib's Magic Scroll Shop.
  4808 | D:4      | Bought a scroll of enchant armour for 82 gold pieces
  4808 | D:4      | Bought a scroll of identify for 22 gold pieces
  4808 | D:4      | Bought a scroll of identify for 22 gold pieces
  5050 | D:4      | Noticed Pikel
  5408 | D:5      | Entered Level 5 of the Dungeon
  5413 | D:5      | Found a sacrificial altar of Ru.
  5427 | D:5      | Reached XP level 7. HP: 51/56 MP: 2/9
  5611 | D:5      | Got a crude leather armour
  5622 | D:5      | Identified the cursed +1 leather armour of Zoeggime {Int-3
                  | Dex+6} (You found it on level 5 of the Dungeon)
  6279 | D:5      | Found a blossoming altar of Fedhas.
  6286 | D:5      | Reached XP level 8. HP: 48/69 MP: 0/10
  6532 | D:5      | Reached skill level 5 in Dodging
  6947 | D:5      | Found the +7 Singing Sword {vorpal, sonic wave}
  7207 | D:6      | Reached skill level 1 in Long Blades
  7222 | D:6      | Reached skill level 10 in Necromancy
  7354 | D:6      | Found a blossoming altar of Fedhas.
  7357 | D:6      | Found a radiant altar of Vehumet.
  7361 | D:6      | Found an ornate altar of the Wu Jian Council.
  7362 | D:6      | Found a hide-covered altar of Uskayaw.
  7363 | D:6      | Found a shadowy altar of Dithmenos.
  7364 | D:6      | Found a broken altar of Ashenzari.
  7367 | D:6      | Found a shimmering blue altar of Sif Muna.
  7629 | D:6      | Gained mutation: You passively map the area around you.
                  | [Deep Dwarf growth]
  7629 | D:6      | Reached XP level 9. HP: 35/79 MP: 11/11
  7939 | D:6      | Learned a level 5 spell: Agony
  7948 | D:7      | Found a staircase to the Ecumenical Temple.
  8118 | Temple   | Entered the Ecumenical Temple
  8563 | D:7      | Reached skill level 5 in Fighting
  8938 | D:7      | Found a burning altar of Makhleb.
  8942 | D:7      | Became a worshipper of Makhleb the Destroyer
  9508 | D:8      | Found a basalt altar of Yredelemnul.
  9525 | D:8      | Reached skill level 5 in Long Blades
  9796 | D:8      | Found Deicsesecw's Jewellery Emporium.
 10057 | D:4      | Killed Grinder
 10742 | D:4      | Reached * piety under Makhleb
 10877 | D:3      | Killed Zeebu's ghost
 11224 | D:9      | Reached XP level 10. HP: 77/91 MP: 13/13
 11268 | D:9      | Reached ** piety under Makhleb
 11376 | D:9      | Learned a level 4 spell: Animate Dead
 11378 | D:9      | Learned a level 1 spell: Freeze
 11390 | D:9      | Found a staircase to the Lair.
 12607 | Lair:1   | Entered Level 1 of the Lair of Beasts
 12621 | Lair:1   | Found a bloodstained altar of Trog.
 12623 | Lair:1   | Noticed a black mamba
 12630 | Lair:1   | Killed a black mamba
 12733 | Lair:1   | Noticed a cane toad
 12742 | Lair:1   | Killed a cane toad
 12967 | Lair:1   | Noticed Sonja
 12976 | Lair:1   | Killed Sonja
 12977 | Lair:1   | Reached skill level 1 in Ice Magic
 12983 | Lair:1   | Noticed a cane toad
 12987 | Lair:1   | Noticed a black mamba
 12988 | Lair:1   | Killed a cane toad
 12991 | Lair:1   | Killed a black mamba
 12992 | Lair:1   | Reached XP level 11. HP: 42/99 MP: 4/17
 13548 | Lair:1   | Learned a level 3 spell: Ozocubu's Armour
 13823 | Lair:1   | Noticed Fannar
 13836 | Lair:1   | Killed Fannar
 14318 | Lair:2   | Noticed Maggie
 14329 | Lair:2   | Killed Maggie
 14843 | Lair:2   | Reached skill level 1 in Shields
 15046 | Lair:2   | Reached *** piety under Makhleb
 15165 | Lair:2   | Reached skill level 5 in Spellcasting
 15297 | Lair:2   | Identified a scroll of acquirement
 15297 | Lair:2   | Acquired the amulet of Patience {Reflect Fragile +Inv
                  | Slay+5 SH+5}
 15564 | Lair:3   | Noticed a four-headed hydra
 15572 | Lair:3   | Killed a four-headed hydra
 15756 | Lair:3   | Reached skill level 1 in Invocations
 15756 | Lair:3   | Reached XP level 12. HP: 94/110 MP: 4/19
 15769 | Lair:3   | Reached skill level 10 in Long Blades
 15853 | Lair:3   | Noticed a seven-headed hydra
 15872 | Lair:3   | Killed a seven-headed hydra
 16834 | Lair:4   | Found a staircase to the Shoals.
 16845 | Lair:4   | Noticed a six-headed hydra
 16879 | Lair:4   | Reached skill level 5 in Invocations
 16926 | Lair:4   | Noticed an eight-headed hydra
 16935 | Lair:4   | Noticed a boulder beetle
 17154 | Lair:4   | Reached skill level 10 in Dodging
 17284 | Lair:4   | Killed an eight-headed hydra
 17404 | Lair:4   | Killed a boulder beetle
 17570 | Lair:4   | Killed a six-headed hydra
 17717 | Lair:4   | Found a hole to the Spider Nest.
 17742 | Lair:4   | Reached XP level 13. HP: 79/118 MP: 12/22
 18017 | Lair:4   | Found a runed translucent door.
 18577 | Lair:4   | Learned a level 5 spell: Borgnjor's Vile Clutch
 18665 | Lair:5   | Reached skill level 1 in Earth Magic
 18857 | Lair:5   | Reached skill level 2 in Earth Magic
 18865 | Lair:5   | Reached **** piety under Makhleb
 19453 | D:8      | Bought the ring "Cuephum" {Dex+7 Slay+3 Stlth+} for 673
                  | gold pieces
 19833 | Lair:5   | Found a staircase to the Slime Pits.
 20121 | Lair:6   | Entered Level 6 of the Lair of Beasts
 20138 | Lair:6   | Reached skill level 3 in Earth Magic
 20347 | Lair:6   | Reached skill level 4 in Earth Magic
 20595 | Lair:6   | Reached skill level 5 in Earth Magic
 20737 | Lair:6   | Reached ***** piety under Makhleb
 20738 | Lair:6   | Gained mutation: You resist negative energy. (rN+) [Deep
                  | Dwarf growth]
 20738 | Lair:6   | Reached XP level 14. HP: 129/129 MP: 24/24
 20742 | Lair:6   | Found a radiant altar of Vehumet.
 20851 | Lair:6   | Found a white marble altar of Elyvilon.
 21407 | Lair:6   | Found a burning altar of Makhleb.
 21418 | Lair:6   | Found a gateway to Hell.
 21421 | Lair:6   | Reached skill level 6 in Earth Magic
 21905 | D:10     | Entered Level 10 of the Dungeon
 21925 | D:10     | Found Juufats's Assorted Antiques.
 21928 | D:10     | Bought a scroll labelled OZIKONGA HIGI for 28 gold pieces
 21928 | D:10     | Bought a gold wand for 112 gold pieces
 21935 | D:10     | Found a shadowy altar of Dithmenos.
 22096 | D:10     | Found Bejoan's Distillery.
 22109 | D:10     | Found a staircase to the Orcish Mines.
 22110 | D:10     | Identified the +4 ring mail of Pandemonium {rN+ rCorr
                  | Dex+2}
 22118 | D:10     | Bought a potion of resistance for 120 gold pieces
 22118 | D:10     | Bought a potion of heal wounds for 60 gold pieces
 22228 | D:10     | Found Adeatzet's Armour Shop.
 22267 | D:10     | Found Husmosoz's Assorted Antiques.
 22284 | D:10     | Bought a sedimented white potion for 23 gold pieces
 22508 | Orc:1    | Entered Level 1 of the Orcish Mines
 22558 | Orc:1    | Noticed Jorgrun
 22563 | Orc:1    | Killed Jorgrun
 22634 | Orc:1    | Reached skill level 7 in Earth Magic
 22731 | Orc:2    | Entered Level 2 of the Orcish Mines
 22797 | Orc:2    | Noticed Erolcha
 22804 | Orc:2    | Killed Erolcha
 22805 | Orc:2    | Noticed Rupert
 22815 | Orc:2    | Killed Rupert
 22828 | Orc:2    | Found a staircase to the Elven Halls.
 22829 | Orc:2    | Found a roughly hewn altar of Beogh.
 22838 | Orc:2    | Found a frozen archway.
 22852 | IceCv    | Entered an ice cave
 22912 | IceCv    | Reached skill level 10 in Fighting
 23042 | IceCv    | Reached ****** piety under Makhleb
 23349 | IceCv    | Learned a level 5 spell: Bolt of Magma
 23383 | IceCv    | Noticed a frost giant
 23395 | IceCv    | Killed a frost giant
 23396 | IceCv    | Reached skill level 8 in Earth Magic
 23802 | Orc:2    | Reached skill level 1 in Fire Magic
 23819 | Orc:2    | Reached skill level 1 in Conjurations
 23844 | Orc:2    | Reached XP level 15. HP: 138/138 MP: 27/27
 23857 | Orc:2    | Found Seipyonn's General Store.
 23857 | Orc:2    | Found Sicwoxzi's Antique Weapon Shoppe.
 23884 | Orc:2    | Found a roughly hewn altar of Beogh.
 23934 | Orc:2    | Found Osaukh's Assorted Antiques.
 23934 | Orc:2    | Found Koaqesm's Antique Weapon Shoppe.
 23960 | Orc:2    | Bought a pair of runed boots for 285 gold pieces
 24157 | D:4      | Bought a scroll of enchant armour for 82 gold pieces
 25175 | Orc:1    | Found an iron altar of Okawaru.
 25518 | D:4      | Killed Pikel
 25709 | D:11     | Noticed Grum
 25729 | D:11     | Killed Grum
 26293 | D:8      | Bought a +4 ring of protection for 468 gold pieces
 26795 | D:12     | Found Hamolapt's Antique Weapon Shoppe.
 26883 | D:12     | Found a broken altar of Ashenzari.
 27195 | D:13     | Reached skill level 9 in Earth Magic
 27432 | D:13     | Learned a level 2 spell: Passwall
 28102 | D:14     | Noticed Josephine
 28109 | D:14     | Killed Josephine
 28112 | D:14     | Paralysed by a wizard for 2 turns
 28159 | D:14     | Reached skill level 1 in Armour
 28200 | D:14     | Learned a level 5 spell: Lee's Rapid Deconstruction
 28454 | D:14     | Found a gate to the Vaults.
 28971 | D:15     | Entered Level 15 of the Dungeon
 28971 | D:15     | Found a hazy altar of Hepliaklqana.
 28999 | D:15     | Reached XP level 16. HP: 148/148 MP: 29/29
 29010 | D:15     | Reached skill level 15 in Long Blades
 29020 | D:15     | Reached skill level 10 in Earth Magic
 29058 | D:15     | Found a gate leading to a gauntlet.
 29094 | Gauntlet | Entered a Gauntlet
 29094 | Gauntlet | Found a transporter.
 29101 | Gauntlet | Found a transporter.
 29104 | Gauntlet | Found a transporter.
 29112 | Gauntlet | Found a runed translucent gate.
 29112 | Gauntlet | Found a runed translucent gate.
 29112 | Gauntlet | Found a runed translucent gate.
 29115 | Gauntlet | Found a transporter.
 29118 | Gauntlet | Found a transporter.
 29131 | Gauntlet | Found a transporter.
 29147 | Gauntlet | Found a transporter.
 29158 | Gauntlet | Found a transporter.
 29169 | Gauntlet | Found a transporter.
 29175 | Gauntlet | Found a transporter.
 29204 | Gauntlet | Found a transporter.
 29204 | Gauntlet | Found a transporter.
 29264 | Gauntlet | Found a transporter.
 29264 | Gauntlet | Found a transporter.
 29423 | Gauntlet | Got a pair of shimmering boots
 29434 | Gauntlet | Identified the +1 pair of boots of Trial and Error {rF-
                  | Regen+ Str+3 Stlth+} (You found it in a Gauntlet)
 29493 | Gauntlet | Identified the Papyrus of the Floating Mountains
 29500 | Gauntlet | Got a bloodstained robe
 29511 | Gauntlet | Identified the cursed +1 robe of Polish {rN+ Slay+3} (You
                  | found it in a Gauntlet)
 30150 | D:15     | Found a staircase to the Depths.
 30412 | D:10     | Bought a +1 pair of boots of flying for 247 gold pieces
 30412 | D:10     | Bought a +2 cloak of willpower for 322 gold pieces
 30617 | Shoals:1 | Entered Level 1 of the Shoals
 31318 | Shoals:1 | Learned a level 5 spell: Bolt of Magma
 33573 | Shoals:3 | Reached skill level 5 in Armour
 33585 | Shoals:3 | Noticed Polyphemus
 33588 | Shoals:3 | Reached skill level 11 in Earth Magic
 33590 | Shoals:3 | Killed Polyphemus
 33591 | Shoals:3 | Reached skill level 5 in Conjurations
 33624 | Shoals:3 | Reached XP level 17. HP: 157/157 MP: 30/30
 33924 | Shoals:3 | Noticed Louise
 33933 | Shoals:3 | Killed Louise
 34756 | Shoals:4 | Entered Level 4 of the Shoals
 34756 | Shoals:4 | Found Caetriw's Gadget Shop.
 35066 | Shoals:4 | Found Setur's Antique Weapon Shop.
 35077 | Shoals:4 | Found Xipn's Weapon Emporium.
 35078 | Shoals:4 | Noticed Aizul
 35090 | Shoals:4 | Killed Aizul
 35507 | Shoals:4 | Found Kyubber's Magic Scroll Shop.
 35966 | Shoals:4 | Reached skill level 12 in Earth Magic
 36194 | Shoals:4 | Reached skill level 10 in Spellcasting
 37022 | Shoals:4 | Got a barnacled rune of Zot
 37079 | Shoals:4 | Found Nuig's Gadget Boutique.
 37697 | Spider:1 | Entered Level 1 of the Spider Nest
 39102 | Spider:2 | Reached skill level 13 in Earth Magic
 39980 | Spider:3 | Gained mutation: You passively map a large area around you.
                  | [Deep Dwarf growth]
 39980 | Spider:3 | Reached XP level 18. HP: 168/168 MP: 32/32
 40063 | Spider:3 | Identified Sif Muna's Handbook of Freezing Fire
 40625 | Spider:3 | Found a runed translucent door.
 40625 | Spider:3 | Found a shimmering altar of Xom.
 40625 | Spider:3 | Noticed oldpz's ghost (adept MiBe)
 40646 | Spider:4 | Entered Level 4 of the Spider Nest
 41043 | Spider:4 | Learned a level 1 spell: Apportation
 41061 | Spider:4 | Reached skill level 14 in Earth Magic
 41475 | Spider:4 | Got a gossamer rune of Zot
 42684 | Vaults:1 | Entered Level 1 of the Vaults
 42901 | Vaults:1 | Found Ynwattu's Antique Armour Shop.
 43474 | Vaults:1 | Reached skill level 15 in Earth Magic
 44077 | Vaults:2 | Noticed Frederick
 44086 | Vaults:2 | Killed Frederick
 44104 | Vaults:2 | Reached XP level 19. HP: 174/177 MP: 27/34
 44887 | Vaults:2 | Found a staircase to the Crypt.
 45334 | Vaults:3 | Found an opulent altar of Gozag.
 45409 | Vaults:3 | Reached skill level 16 in Earth Magic
 45790 | Vaults:3 | Noticed Jory
 45806 | Vaults:3 | Killed Jory
 45959 | Vaults:3 | Reached skill level 10 in Armour
 46361 | Vaults:3 | Reached skill level 5 in Shields
 46617 | Vaults:3 | Found Laseg's Gadget Shoppe.
 46723 | Vaults:4 | Reached skill level 17 in Earth Magic
 46745 | Vaults:4 | Reached XP level 20. HP: 187/187 MP: 35/35
 46983 | Vaults:4 | Noticed Boris
 46993 | Vaults:4 | Killed Boris
 47154 | Vaults:4 | Found Efaapisch's Jewellery Shoppe.
 47166 | Vaults:4 | Bought the ring "Bischa" {+Fly rC+ Str+4} for 598 gold
                  | pieces
 48051 | Elf:1    | Entered Level 1 of the Elven Halls
 48068 | Elf:1    | Noticed Azrael
 48080 | Elf:1    | Killed Azrael
 48227 | Elf:1    | Reached skill level 18 in Earth Magic
 48382 | Elf:1    | Found Umnien's Jewellery Emporium.
 48410 | Elf:1    | Found an ancient bone altar of Kikubaaqudgha.
 49172 | Elf:2    | Found a portal to a secret trove of treasure.
 49177 | Elf:2    | Reached skill level 10 in Invocations
 49205 | Elf:2    | You paid a toll of 6 scrolls of fear to enter a treasure
                  | trove
 49206 | Trove    | Entered a treasure trove
 49236 | Trove    | Got a shimmering falchion
 49237 | Trove    | Identified the +8 falchion of Certain Death {holy, *Rage
                  | Will+ Str+3} (You found it in a treasure trove)
 49368 | Trove    | Got a transparent triple sword
 49369 | Trove    | Identified the +5 triple sword "Biffes" {vorpal, MP+9} (You
                  | found it in a treasure trove)
 49391 | Trove    | Got an encrusted hunting sling
 49392 | Trove    | Identified the +4 hunting sling of Esaeg Cel {freeze,
                  | Int+3} (You found it in a treasure trove)
 49499 | Elf:2    | Got a faintly glowing hand crossbow
 49500 | Elf:2    | Identified the +9 hand crossbow of Umaumewn {vorpal, Str-2
                  | Dex+6 SInv} (You found it on level 2 of the Elven Halls)
 49515 | Elf:2    | Found a huge runed translucent gate.
 49515 | Elf:2    | Found a huge runed translucent gate.
 49515 | Elf:2    | Found a huge runed translucent gate.
 49515 | Elf:2    | Found a huge runed translucent gate.
 49516 | Elf:2    | Found a huge runed translucent gate.
 49587 | Elf:2    | Found Buyleic's Antique Weapon Shoppe.
 49781 | Elf:2    | Reached skill level 19 in Earth Magic
 50204 | Elf:3    | Entered Level 3 of the Elven Halls
 50206 | Elf:3    | Noticed Donald
 50215 | Elf:3    | Killed Donald
 50219 | Elf:3    | Found Limemese's Gadget Boutique.
 50251 | Elf:3    | Found Akla's Antique Weapon Boutique.
 50309 | Elf:3    | Found a large runed translucent door.
 50309 | Elf:3    | Found a large runed translucent door.
 50309 | Elf:3    | Noticed Yxzej's ghost (veteran MiBe)
 50323 | Elf:3    | Found Caroecice's Jewellery Boutique.
 50428 | Elf:3    | Found Kappudu's Antique Weapon Shop.
 50450 | Elf:3    | Reached XP level 21. HP: 184/198 MP: 36/36
 50639 | Elf:3    | Noticed Nikola
 50643 | Elf:3    | Reached skill level 20 in Earth Magic
 50653 | Elf:3    | Killed Nikola
 50743 | Elf:3    | Identified the amulet of Vimeafre {Faith +Blink}
 50930 | Elf:3    | Identified the Incunabulum of Torrid Unholy Rites
 50934 | Elf:3    | Identified Utoneam's Compendium of Envenoming and the
                  | Mountains
 50939 | Elf:3    | Identified the Collected Works on Curses
 50974 | Elf:3    | Got a fine lead amulet
 50977 | Elf:3    | Identified the amulet of Vyitt {RegenMP Str+4 Int+3} (You
                  | found it on level 3 of the Elven Halls)
 51139 | Elf:3    | Identified the Grimoire of Context
 51784 | Elf:3    | Killed Yxzej's ghost
 52230 | Depths:1 | Entered Level 1 of the Depths
 52260 | Depths:1 | Noticed an ancient lich
 52263 | Depths:1 | HP: 7/200 [wizard/crystal spear (19)]
 52270 | Depths:1 | HP: 9/200 [something (8)]
 52276 | Depths:1 | Reached skill level 21 in Earth Magic
 52281 | Depths:1 | HP: 10/200 [fire giant/fireball (41)]
 52298 | Depths:1 | Killed an ancient lich
 52299 | Depths:1 | Reached skill level 15 in Fighting
 52340 | Depths:1 | Reached XP level 22. HP: 210/210 MP: 7/37
 52364 | Depths:1 | Reached skill level 22 in Earth Magic
 52525 | Depths:1 | Identified Temmaw's Almanac of Arcane Weapons and Shape
                  | Shifting
 52730 | Depths:1 | Learned a level 9 spell: Shatter
 52783 | Depths:1 | Found a one-way gate leading to the halls of Pandemonium.
 53142 | Depths:1 | Found a one-way gate to the infinite horrors of the Abyss.
 53274 | Depths:2 | Noticed Boris
 53281 | Depths:2 | Killed Boris
 54089 | Hell     | Entered the Vestibule of Hell
 54093 | Hell     | Noticed Geryon
 54266 | Depths:2 | Noticed Bai Suzhen
 54287 | Depths:2 | Killed Bai Suzhen
 54531 | Depths:2 | Identified the cursed +0 buckler of Tounn {Dex+2}
 54571 | Depths:2 | Found a gateway to a ziggurat.
 54803 | Depths:3 | Reached skill level 23 in Earth Magic
 54900 | Depths:3 | Found a runed translucent gate.
 54900 | Depths:3 | Found a runed translucent gate.
 54900 | Depths:3 | Found a runed translucent gate.
 54904 | Depths:3 | Noticed raph's ghost (veteran DDNe)
 54941 | Depths:3 | Reached skill level 15 in Invocations
 55416 | Depths:3 | Noticed a juggernaut
 55431 | Depths:3 | Killed a juggernaut
 55635 | Depths:4 | Noticed a golden dragon
 55643 | Depths:4 | Killed from afar by a storm dragon

Illustrated notes

Levels and vault maps discovered:
D:1:      co_arrival_random_square_maze, layout_rooms
D:2:      layout_loops_ring, tgw_trog, uniq_crazy_yiuf_cottage, uniq_robin,
          uniq_natasha
D:3:      layout_loops_ring, biasface_ghost_orc_armoury
D:4:      layout_cave_pods, serial_shops, nicolae_shop_stone,
          nicolae_ossuary_entry_catacombs, uniq_pikel, uniq_grinder
D:5:      old_forge, layout_basic, nicolae_ru_great_annihilating_truth,
          basic_altar, minmay_misc_feat_diagonals
D:6:      layout_loops_ring, minitemple, grunt_decor_mini_mirrors
D:7:      layout_basic, marbit_many_paths, temple_fountains, serial_undead,
          serial_undead_f, serial_undead_b, serial_undead_f, serial_undead_a
D:8:      layout_gridville, serial_shops,
          nicolae_shop_temple_entry_statues_fountains, lemuel_statue_altar
D:9:      layout_basic, erik_lair_island
D:10:     layout_basic, david_orc_3, serial_shops,
          nicolae_shop_overgrown_old_shop, shop, shop_fountains,
          kennysheep_mini, minivault_16, nicolae_dithmenos_shadow_blocks
D:11:     layout_basic, uniq_grum
D:12:     layout_basic, serial_shops, kennysheep_little_box,
          evilmike_ruin_ashenzari
D:13:     layout_basic, minivault_28
D:14:     layout_basic, skrybe_vaults_entry_preservation, uniq_josephine
D:15:     grunt_enter_depths_magical_seal, layout_irregular_city, basic_altar,
          gauntlet_entry_generic, minmay_fountain_box, chequers_arboretum,
          serial_park_tiny_pond
Temple:   dshaligram_water_room_temple
Lair:1:   kb_forest_paths, layout_hall_layers, basic_altar,
          infiniplex_staircase_pool, uniq_sonja, uniq_fannar
Lair:2:   layout_concentric_octagons, uniq_maggie
Lair:3:   dpeg_oklob_gauntlet, layout_chaotic_city,
          chequers_serial_rivers_micro_a
Lair:4:   wander_river, layout_regular_city, shoals_dummy_entry,
          nicolae_spider_entry_orb_guardian, pf_torpor_hydra
Lair:5:   layout_loops_ring, minmay_slime_entry_oklob_open, lemuel_fruit_fields
Lair:6:   evil_forest, layout_regular_city, enter_volcano_4, basic_altar,
          st_stairs_13, amcnicky_altar_gilded, infiniplex_staircase_pool_2,
          lemuel_fruit_tree
Shoals:1: layout_shoals, nicolae_shoals_arrival_archipelago
Shoals:2: layout_shoals
Shoals:3: layout_shoals, uniq_polyphemus, uniq_louise
Shoals:4: shoals_end_hangedman, layout_shoals, serial_shops, shop_fountains,
          shop, nicolae_shop_statue_plus, nicolae_shop_statue_plus, shop_statue,
          uniq_aizul
Spider:1: layout_chambers, einodemon_crawler_minivault
Spider:2: layout_spider_delve, hangedman_spider_tarantella_strand,
          nicolae_spider_cling_ruins
Spider:3: layout_spider_delve, ebering_ghost_xom, drop_trap, zaba_antful_of_joy
Spider:4: spider_rune_water
Orc:1:    layout_caves, special_room [special_room_kobold],
          okawaru_metal_pillars_3, uniq_jorgrun
Orc:2:    st_orc_town, layout_caves, basic_altar,
          portal_ice_cave_entry_pillars_1, uniq_erolcha, uniq_rupert
Elf:1:    layout_gridlike, serial_shops, nicolae_shop_trees, basic_altar,
          hangedman_elven_crosses_minicolossus, uniq_azrael
Elf:2:    layout_geoelf_grid, serial_shops, nicolae_shop_trees,
          nicolae_trove_entry_crossroad
Elf:3:    minmay_elf_hall_four_x, layout_loops_cross,
          ebering_ghost_disaster_area, serial_shops, shop, shop, shop,
          shop_fountains, serial_sigils, serial_sigils_hangedman_scar,
          serial_sigils_hangedman_carve, serial_sigils_hangedman_quiver,
          serial_sigils_hangedman_stare, serial_sigils_hangedman_gnaw,
          minmay_misc_feat_pillars, grunt_ministairs_15, uniq_donald,
          uniq_nikola
Vaults:1: ontoclasm_vaults_shuriken, nicolae_vaults_mini_display_case,
          v_pattern_1, v_misc_10, vaults_mumra_hexcomb, v_misc_17,
          nicolae_vaults_specimen_jars, v_misc_28, nicolae_vaults_little_ls,
          layout_vaults_big_room, serial_shops, shop
Vaults:2: vaults_mumra_hex, minmay_crypt_entry_nasty_monster,
          grunt_vaults_hallway_short, hangedman_vaults_maws, v_misc_3,
          vaults_room_corners, layout_vaults_omnigrid, uniq_frederick
Vaults:3: v_rooms_6, v_misc_18, vaults_dpeg_hooks, v_rooms_5,
          grunt_vaults_swirl, v_rooms_5, nicolae_vaults_little_squares_5,
          hangedman_vaults_restitches, v_misc_14, vaults_dpeg_ring,
          layout_vaults_ring, basic_altar, serial_shops, nicolae_shop_trees,
          uniq_jory
Vaults:4: nicolae_vaults_stairing_the_circle, hangedman_vaults_stagger,
          nicolae_vaults_disjoint_gnomons, st_lines,
          nicolae_vaults_network_barrier, v_rooms_1, vaults_room_ringed_pool,
          v_misc_33, v_misc_15, layout_vaults_omnibox, serial_shops,
          nicolae_shop_waterfront, uniq_boris
Depths:1: layout_cave_pools, special_room [special_room_magic_class],
          rand_demon_pan_entry_1, abyss_entry_small_statue_room,
          minmay_misc_feat_four_crosses, grunt_hell_horde, hex_large,
          kennysheep_cross_room, hangedman_abyss_or_decor_stabs,
          kennysheep_generic_room_15
Depths:2: kennysheep_blocky_room, layout_cave_shapes, enter_ziggurat_d,
          kennysheep_another_room, hell_entry, hangedman_abyss_entry_splay,
          pan_entry, minmay_staircase_windowed_large, uniq_bai_suzhen
Depths:3: kennysheep_windowed_halls, layout_cave_shapes, gammafunk_ghost_split,
          rand_demon_pan_entry_3, hangedman_geh_valley, minmay_curled_crystal
Depths:4: hangedman_crystal_crosses_colossus [crystal_crosses_arms_four,
          crystal_crosses_arms_two, crystal_crosses_arms_one,
          crystal_crosses_arms_one], abyss_entry, hell_entry
Hell

Skill      XL: |  1  2  3  4  5  6  7  8  9 10 11 12 13 14 15 16 17 18 19 20 21 22 |
---------------+-------------------------------------------------------------------+-----
Necromancy     | 5 6 7 8 9 10 11 12 | 12.8
Fighting       | 1 3 4 5 6 7 8 9 10 11 12 13 14 15 16 | 16.1
Dodging        | 3 4 6 7 8 9 10 11 12 13 14 | 14.1
Long Blades    | 3 5 8 9 11 12 13 14 15 16 | 16.0
Spellcasting   | 2 4 5 6 7 8 9 10 11 | 11.5
Ice Magic      | 1 3 |  3.9
Shields        | 2 4 5 6 |  6.1
Invocations    | 1 7 11 13 15 | 15.4
Earth Magic    | 5 8 9 11 13 15 17 19 21 23 | 23.7
Fire Magic     | 1 3 4 |  4.3
Conjurations   | 1 4 5 6 7 8 |  8.9
Armour         | 2 5 7 9 10 | 10.6
Stealth        | |  2.4

Action                   |  1- 3 |  4- 6 |  7- 9 | 10-12 | 13-15 | 16-18 | 19-21 | 22-24 || total
-------------------------+-------+-------+-------+-------+-------+-------+-------+-------++-------
Melee: Unarmed           |     1 |       |       |       |       |       |       |       ||     1
       Dagger            |    13 |   257 |    93 |       |       |       |       |       ||   363
       Double sword      |       |       |   101 |   167 |   766 |   983 |   901 |   405 ||  3323
       Scimitar          |       |       |       |       |     8 |     4 |       |       ||    12
 Cast: Pain              |    37 |    54 |    20 |    28 |     7 |     5 |       |       ||   151
       Animate Skeleton  |     3 |     2 |     4 |     2 |       |       |       |       ||    11
       Vampiric Draining |     6 |    33 |    52 |   118 |    54 |    33 |    11 |     7 ||   314
       Animate Dead      |       |       |       |     3 |     1 |       |       |       ||     4
       Lee's Rapid Decon |       |       |       |       |     3 |    11 |     2 |     2 ||    18
       Borgnjor's Vile C |       |       |       |       |     1 |     7 |     5 |     1 ||    14
       Bolt of Magma     |       |       |       |       |       |    50 |    15 |       ||    65
       Passwall          |       |       |       |       |       |     6 |       |     1 ||     7
Invok: Lesser Servant of |       |       |       |     8 |     2 |     1 |       |       ||    11
       Minor Destruction |       |       |       |     3 |     2 |       |       |       ||     5
 Abil: Heal Wounds       |       |     3 |       |       |       |       |       |       ||     3
Evoke: Wand              |       |       |       |    11 |     1 |       |       |       ||    12
       Phial of floods   |       |       |       |       |       |       |     1 |       ||     1
       Condenser vane    |       |       |       |       |       |       |     1 |       ||     1
  Use: Scroll            |       |    13 |     8 |    14 |    12 |     8 |     7 |     2 ||    64
       Potion            |       |     1 |       |     2 |     1 |     2 |     9 |       ||    15
 Stab: Sleeping          |       |     7 |     5 |       |    18 |    10 |    21 |     4 ||    65
       Invisible         |       |     1 |       |       |       |       |       |       ||     1
       Paralysed         |       |       |     1 |       |       |       |       |       ||     1
       Distracted        |       |       |       |     1 |     6 |     5 |     1 |       ||    13
Armor: Robe              |     5 |    79 |    64 |       |       |       |       |       ||   148
       Leather armour    |       |       |     6 |    69 |    37 |       |       |       ||   112
       Steam dragon scal |       |       |       |       |   101 |   185 |   132 |    74 ||   492
Dodge: Dodged            |    16 |   184 |   165 |   288 |   471 |   584 |   347 |   218 ||  2273
Block: Buckler           |       |       |       |   112 |   454 |   538 |   373 |   174 ||  1651
       Reflection        |       |       |       |       |    28 |    58 |    41 |    16 ||   143
       Rpst.: Double sword |       |       |    37 |    61 |    98 |   108 |    65 |    38 ||   407
